 Dungeon Crawl Stone Soup version 0.28.0-45-g0d030f2227 (webtiles) character file.

Game seed: 6546615300767954983

814 101zpm the Chiller (level 7, 0/37 HPs)
             Began as a Deep Elf Ice Elementalist on Apr 20, 2022.
             Slain by a phantom (3 damage)
             ... on level 5 of the Dungeon.
             The game lasted 00:11:39 (4917 turns).

101zpm the Chiller (Deep Elf Ice Elementalist)      Turns: 4917, Time: 00:11:40

Health: 0/37       AC:  5    Str: 11    XL:     7   Next: 62%
Magic:  4/19       EV: 13    Int: 22    God:
Gold:   197        SH:  0    Dex: 15    Spells: 8/19 levels left

rFire   . . .      SeeInvis .   g - +0 trident
rCold   . . .      Faith    .   (no shield)
rNeg    + . .      Spirit   .   a - +0 robe
rPois   .          Reflect  .   f - +2 hat
rElec   .          Harm     .   (no cloak)
rCorr   .          Rampage  .   (no gloves)
Will    .....                   e - +0 pair of boots
Stlth   +++.......              (no amulet)
HPRegen 0.12/turn               c - +6 ring of strength
MPRegen 0.16/turn               d - ring of positive energy

@: no status effects
A: no striking features
a: no special abilities


You were on level 5 of the Dungeon.
You visited 1 branch of the dungeon, and saw 5 of its levels.

You collected 197 gold pieces.

Inventory:

Hand Weapons
 g - a +0 trident (weapon)
Missiles
 m - 207 stones
 t - 19 sling bullets
 u - 2 boomerangs
Armour
 a - a +0 robe (worn)
 e - a +0 pair of boots (worn)
 f - a +2 hat (worn)
Jewellery
 c - a +6 ring of strength (left hand)
 d - a ring of positive energy (right hand)
Wands
 n - a wand of flame (11)
Scrolls
 b - 11 scrolls of identify {unknown}
 i - a scroll of summoning {unknown}
 j - a scroll of teleportation {unknown}
 k - a scroll of fog {unknown}
 l - a scroll of fear {unknown}
 r - 2 scrolls of blinking {unknown}
 s - a scroll of noise {unknown}
 w - a scroll of torment {unknown}
Potions
 h - a potion of mutation {unknown}
 o - a potion of degeneration {unknown}
 p - a potion of cancellation {unknown}
 q - 2 potions of curing {unknown}
 v - a potion of berserk rage {unknown}


   Skills:
 + Level 0.7 Fighting
 + Level 2.5 Polearms
 + Level 3.5 Dodging
 + Level 4.3 Stealth
 + Level 0.1 Unarmed Combat
 + Level 6.8 Spellcasting
 + Level 0.1 Conjurations
 + Level 6.8 Ice Magic


You had 8 spell levels left.
You knew the following spells:

 Your Spells              Type           Power      Damage    Failure   Level
a - Freeze                Ice            100%       1d11      1%          1
b - Frozen Ramparts       Ice            74%        1d9       1%          3
c - Ozocubu's Armour      Ice            37%        N/A       1%          3
d - Hailstorm             Conj/Ice       22%        3d7       21%         4

Your spell library contained the following spells:

 Spells                   Type           Power      Damage    Failure   Level
 Sublimation of Blood     Necr           7%         N/A       13%         2
 Petrify                  Tmut/Erth      7%         N/A       63%         4
 Irradiate                Conj/Tmut      3%         3d14      92%         5


Dungeon Overview and Level Annotations

Branches:
Dungeon (5/15)
 Temple: D:4-7

Altars:
Kikubaaqudgha
Makhleb
The Shining One

Annotations:
D:3 2 transporters, Jessica


Message History

Press: ? - help, Q - select action, (/) - cycle Shift-Dir - straight line, f/p - phantom
Aim: a phantom (heavily damaged)
You freeze the phantom.
The phantom resists.
The phantom is heavily damaged.
The phantom resists.
The wall freezes the phantom.
The phantom hits you.
* * * LOW HITPOINT WARNING * * *
The phantom blinks!
You blink.
The frozen ramparts melt away as you move.
Casting: Freeze (safe; 1% risk of failure)
Confirm with . or Enter, or press ? or * to list all spells.
A film of ice covers your body! The phantom misses you.
Aiming: Freeze (safe; 1% risk of failure)
Press: ? - help, Q - select action, (/) - cycle Shift-Dir - straight line, f/p - phantom
Aim: a phantom (heavily damaged)
You freeze the phantom.
The phantom resists.
The phantom is heavily damaged.
The phantom completely misses you.
Aiming: Freeze (safe; 1% risk of failure)
Press: ? - help, Q - select action, (/) - cycle Shift-Dir - straight line, f/p - phantom
Aim: a phantom (heavily damaged)
You freeze the phantom.
The phantom resists.
The phantom is severely damaged.
The phantom hits you.
* * * LOW HITPOINT WARNING * * *
The phantom blinks!
You blink.
Your icy armour cracks and falls away as you move.
You hit the phantom but do no damage.
The phantom is severely damaged.
The phantom hits you but does no damage.
You closely miss the phantom.
The phantom is severely damaged.
The phantom barely misses you. The phantom hits you.
* * * LOW HITPOINT WARNING * * *
You hit the phantom.
The phantom is severely damaged.
The phantom hits you but does no damage.
You barely miss the phantom.
The phantom is severely damaged.
The phantom hits you.
You die...

### . ... ....# .... ....#
..... ....######.....
............... #.........#
##.....@...# #.....W....#
######...########
#####...?........#
.......########...
........##....#...
...##.⌠....≈_.#.###### ..
..........≈...#......#.#...#
.......≈†.≈...#$.....#.....#


You could see a phantom.

Vanquished Creatures
  Sigmund (D:3)
  A black bear (D:4)
  2 scorpions (D:5)
  A howler monkey (D:5)
  A hound (D:4)
  A jelly (D:5)
  An orc priest (D:4)
  Terence (D:3)
  2 iguanas (D:5)
  3 orc wizards
  3 gnolls (D:5)
  2 adders
  2 ufetubi (D:5)
  A worm (D:2)
  A dart slug (D:1)
  19 orcs
  10 ball pythons
  9 endoplasms
  A giant cockroach (D:1)
  4 goblins
  6 hobgoblins
  2 jackals (D:1)
  4 kobolds
  4 quokkas
  4 bats
  5 frilled lizards
  6 rats
97 creatures vanquished.

Vanquished Creatures (others)
  A bullfrog zombie (D:5)
  12 plants (D:3)
13 creatures vanquished.

Grand Total: 110 creatures vanquished

Notes
Turn   | Place    | Note
-------+----------+-------------------------------------------
     0 | D:1      | 101zpm the Deep Elf Ice Elementalist began the quest for
                  | the Orb.
     0 | D:1      | Reached XP level 1. HP: 10/10 MP: 6/6
   230 | D:1      | Found a faded altar of an unknown god.
   234 | D:1      | Reached XP level 2. HP: 15/15 MP: 6/8
   410 | D:1      | Reached skill level 5 in Ice Magic
   739 | D:1      | Reached XP level 3. HP: 11/19 MP: 5/10
  2212 | D:3      | Reached XP level 4. HP: 21/24 MP: 12/12
  2238 | D:3      | Learned a level 3 spell: Frozen Ramparts
  2242 | D:3      | Learned a level 3 spell: Ozocubu's Armour
  2247 | D:3      | Learned a level 4 spell: Hailstorm
  2487 | D:3      | Noticed Sigmund
  2494 | D:3      | Noticed Terence
  2496 | D:3      | Reached skill level 1 in Polearms
  2505 | D:3      | Killed Terence
  2506 | D:3      | Reached XP level 5. HP: 13/28 MP: 3/13
  2512 | D:3      | Killed Sigmund
  2513 | D:3      | Reached skill level 5 in Spellcasting
  2513 | D:3      | Reached XP level 6. HP: 5/32 MP: 0/15
  3057 | D:3      | Found a burning altar of Makhleb.
  3387 | D:3      | Found a transporter.
  3408 | D:3      | Found a transporter.
  3412 | D:3      | Noticed Jessica
  3688 | D:4      | Reached XP level 7. HP: 22/37 MP: 8/18
  3844 | D:4      | Found a glowing golden altar of the Shining One.
  4155 | D:5      | Entered Level 5 of the Dungeon
  4837 | D:5      | Found an ancient bone altar of Kikubaaqudgha.
  4917 | D:5      | Slain by a phantom

Illustrated notes

Levels and vault maps discovered:
D:1:      dpeg_arrival_rhombi, layout_rooms,
          shapermc_ecumenical_altar_mp_highgroup, serial_rivers,
          chequers_serial_rivers_small_3, chequers_serial_rivers_marsh,
          chequers_serial_rivers_large_a, chequers_serial_rivers_micro_c,
          chequers_serial_rivers_room_b
D:2:      layout_basic, palyth_stone_intersect, nrook_campfire
D:3:      gammafunk_wand_slinger, layout_basic, mainiacjoe_overflow_chevrons,
          minmay_misc_feat_more_columns, uniq_sigmund, uniq_jessica,
          uniq_terence
D:4:      layout_rooms, mainiacjoe_overflow_alcove_1
D:5:      layout_basic, mainiacjoe_overflow_alcove_4, grunt_qazlal_clouds,
          kiku_gazebo_pond_becter, hangedman_decor_clover_reticule,
          kennysheep_generic_room_13

Skill      XL: |  1  2  3  4  5  6  7 |
---------------+----------------------+-----
Ice Magic      | 5 6 |  6.8
Spellcasting   | 4 5 6 |  6.8
Stealth        | 3 4 |  4.3
Polearms       | 1 2 |  2.5
Dodging        | 3 |  3.5
Fighting       | |  0.7
Unarmed Combat | |  0.1
Conjurations   | |  0.1

Action                   |  1- 3 |  4- 6 |  7- 9 || total
-------------------------+-------+-------+-------++-------
Melee: Unarmed           |     4 |       |       ||     4
       Trident           |    46 |    35 |    21 ||   102
       Punch             |     1 |     1 |       ||     2
 Cast: Freeze            |    47 |    14 |    23 ||    84
       Frozen Ramparts   |       |     9 |     6 ||    15
       Ozocubu's Armour  |       |     3 |     3 ||     6
       Hailstorm         |       |     1 |       ||     1
 Stab: Sleeping          |     3 |     3 |     1 ||     7
Armor: Robe              |    14 |    11 |    15 ||    40
Dodge: Dodged            |    47 |    22 |    23 ||    92
